 Dungeon Crawl Stone Soup version 0.25.0-9-g26727b657a (webtiles) character file.

Game seed: 18413017546899786989

47 ANON1729 the Gusty (level 3, 0/24 HPs)
             Began as a Barachi Air Elementalist on June 19, 2020.
             Slain by an adder (5 damage)
             ... on level 2 of the Dungeon.
             The game lasted 00:02:31 (2410 turns).

ANON1729 the Gusty (Barachi Air Elementalist)       Turns: 2410, Time: 00:02:32

Health: 0/24       AC:  0    Str:  9    XL:     3   Next: 70%
Magic:  0/6        EV: 12    Int: 16    God:
Gold:   93         SH:  0    Dex: 12    Spells: 5/6 levels left

rFire    . . .     SeeInvis .   (no weapon)
rCold    . . .     Gourm    .   (no shield)
rNeg     . . .     Faith    .   h - -2 robe (curse)
rPois    .         Spirit   .   (no helmet)
rElec    .         Reflect  .   (no cloak)
rCorr    .         Harm     .   (no gloves)
MR       .....                  (no boots)
Stlth    ++........             (no amulet)
HPRegen  0.08/turn              (no ring)
MPRegen  0.10/turn              (no ring)

@: lethally poisoned (0 -> -9), slow
A: +LOS, swims, slowness 1, strong legs 1
a: Hop


You were on level 2 of the Dungeon.
You were not hungry.

You visited 1 branch of the dungeon, and saw 2 of its levels.

You collected 93 gold pieces.

Inventory:

Armour
 a - a +0 robe
 h - a cursed -2 robe (worn)
Jewellery
 i - an uncursed amulet of guardian spirit {unknown}
 n - an uncursed amulet of magic regeneration {unknown}
Scrolls
 b - a scroll of magic mapping {unknown}
 d - 3 scrolls of identify {unknown}
 f - 2 scrolls of remove curse {unknown}
 k - a scroll of enchant armour {unknown}
Potions
 e - a potion of heal wounds {unknown}
 j - a potion of flight {unknown}
 l - a potion of curing {unknown}
 m - 2 potions of haste {unknown}
Comestibles
 c - 4 rations
 g - a chunk of flesh


   Skills:
 + Level 2.3 Dodging
 + Level 2.1 Stealth
 + Level 2.3 Spellcasting
 + Level 1.8 Conjurations
 + Level 4.3 Air Magic


You had 5 spell levels left.
You knew the following spells:

 Your Spells              Type           Power        Failure   Level  Hunger
a - Shock                 Conj/Air       ##..         5%          1    #......

Your spell library contained the following spells:

 Spells                   Type           Power        Failure   Level  Hunger
 Swiftness                Chrm/Air       #.......     13%         2    ###....
 Static Discharge         Conj/Air       ##......     17%         3    ###....
 Airstrike                Air            ###.......   34%         4    #####..
 Lightning Bolt           Conj/Air       ##........   83%         5    ######.


Dungeon Overview and Level Annotations

Branches:
Dungeon (2/15)

Altars:


Innate Abilities, Weirdness & Mutations

You can be seen from farther away. (+LOS)
You can swim through water.
You cover ground slowly.
You can hop short distances.


Message History

You barely miss the adder.
The adder is heavily wounded.
You feel sick. The adder closely misses you.
You feel sick. The adder bites you.
* * * LOW HITPOINT WARNING * * *
You are more poisoned.
The adder poisons you! The adder closely misses you.
Found 23 bolts.
Casting: Shock (safe; 5% risk of failure)
Confirm with . or Enter, or press ? or * to list all spells.
Aiming: Shock (safe; 5% risk of failure)
Press: ? - help, Shift-Dir - straight line, f/p - adder
Aim: an adder (heavily wounded) That beam is likely to hit you.
Continue anyway?
The zap hits the adder.
The adder is severely wounded.
The zap misses the adder.
The zap hits you.
* * * LOW HITPOINT WARNING * * *
x2 You feel sick.
The adder bites you.
You die...

#......<.#
#........#
#........#
#........########
###>####+#.......(
#.รท..# ........
#....#####........
#....'...S........
#....####@........
#....# #.........
#....# ..........
#....# ###........
#....# ........
###### ........
........ ........
###+####


You could see an adder.

Vanquished Creatures
  An adder (D:2)
  A worm (D:2)
  A dart slug (D:2)
  A leopard gecko (D:2)
  6 goblins
  5 hobgoblins
  2 quokkas (D:2)
  4 bats
  2 frilled lizards
  5 kobolds
  4 rats (D:1)
32 creatures vanquished.

Notes
Turn   | Place    | Note
-------+----------+-------------------------------------------
     0 | D:1      | ANON1729 the Barachi Air Elementalist began the quest for
                  | the Orb.
     0 | D:1      | Reached XP level 1. HP: 13/13 MP: 3/3
   387 | D:1      | Reached XP level 2. HP: 11/19 MP: 0/5
   886 | D:1      | Reached skill level 4 in Air Magic
  1412 | D:2      | Reached XP level 3. HP: 22/24 MP: 1/6
  2410 | D:2      | Slain by an adder

Illustrated notes

Levels and vault maps discovered:
D:1:      grunt_arrival_crossed_arrows, layout_basic
D:2:      layout_basic

Skill      XL: |  1  2 |
---------------+-------+-----
Air Magic      | 4 |  4.3
Stealth        | 2 |  2.1
Dodging        | |  2.3
Spellcasting   | |  2.3
Conjurations   | |  1.8

Action                   || total
-------------------------++-------
Melee: Unarmed           ||    26
 Cast: Shock             ||    72
  Eat: Chunk             ||     6
Dodge: Dodged            ||    24
